AoeStats
← Stevedude

Arabia

505894992Analyzed
1v1 RM · 19d ago on Sep 11, 2026· 28m 5s· 2 players
Game mode
Random Map
Map size
Tiny (2 player)
Population
200
Speed
Normal
Resources
Standard
Victory
Conquest
Starting age
Dark Age
Ending age
Imperial Age
RankedLock teamsTeams togetherTeam positionsShared explorationLock speedFull tech treeHidden civsTurbo modeCheats
Victory
Defeat
🇨🇦 Franks · Canada
1030
+14
🇬🇷 Portuguese · Greece
995
-14
alexdoc.aek
6:19 Loom
9:43 Feudal Age
10:07 Man-at-Arms
19:36 Horse Collar
22:55 Wheelbarrow
26:51 Castle Age
26:18 Fletching
26:29 Padded Archer Armor
27:01 Crossbowman
27:56 Bodkin Arrow
28:25 Town Watch
Stevedude
5:36 Loom
11:05 Feudal Age
12:03 Double-Bit Axe
22:52 Castle Age
21:16 Gold Mining
21:47 Scale Barding Armor
22:02 Forging
24:02 Chain Barding Armor
23:58 Bow Saw
25:21 Iron Casting
25:37 Husbandry
25:37 Stone Mining
27:44 Gold Shaft Mining
Connection lost

Rejoining the realm…

Still unreachable

The connection could not be restored.

Session expired

The server has moved on; the page needs a fresh start.